 Dungeon Crawl Stone Soup version 0.29.1-13-g9f3cf754e1 (webtiles) character file.

Game seed: 8201517029644696191

16485 roguespy the Peltast (level 12, 0/103 HPs)
             Began as a Minotaur Fighter on Feb 11, 2023.
             Was a High Priest of Okawaru.
             Succumbed to a green ugly thing's poison
             ... on level 11 of the Dungeon on Feb 12, 2023.
             The game lasted 01:53:47 (18265 turns).

roguespy the Peltast (Minotaur Fighter)            Turns: 18265, Time: 01:53:47

Health: 0/103      AC: 17    Str: 23 (26) XL:     12   Next: 10%
Magic:  7/13       EV:  9    Int:  2 (5)  God:    Okawaru [*****.]
Gold:   730        SH: 14    Dex:  8 (10) Spells: 11/11 levels left

rFire   + . .      SeeInvis .   a - +0 war axe
rCold   + + .      Faith    .   p - +0 kite shield
rNeg    . . .      Spirit   .   D - +0 plate armour
rPois   .          Reflect  .   (helmet restricted)
rElec   .          Harm     .   v - scarf {rC+ rF+}
rCorr   +          Rampage  .   M - +0 pair of gloves
Will    .....                   (no boots)
Stlth   ..........              N - amulet of the acrobat
HPRegen 0.27/turn               k - ring of protection from cold
MPRegen 0.13/turn               E - ring of resist corrosion

@: lethally poisoned (0 -> -5), heroic, finesse-ful, attractive, invisible
A: horns 2, retaliatory headbutt
a: Renounce Religion, Heroism, Finesse, Duel


You were on level 11 of the Dungeon.
You worshipped Okawaru.
Okawaru was extremely pleased with you.
You visited 3 branches of the dungeon, and saw 14 of its levels.

You collected 730 gold pieces.

Inventory:

Hand Weapons
 a - a +0 war axe (weapon)
 J - a +3 battleaxe
Missiles
 g - 11 poisoned darts
 O - 2 atropa-tipped darts (quivered)
 P - 4 silver boomerangs
 Q - 7 javelins
Armour
 c - a +0 chain mail
 f - +0 steam dragon scales
 l - an orb of guile
 o - a +0 tower shield
 p - a +0 kite shield (worn)
 v - a scarf of resistance (worn)
 B - +0 acid dragon scales
 D - a +0 plate armour (worn)
 I - a +1 ring mail of cold resistance
 M - a +0 pair of gloves (worn)
Jewellery
 k - a ring of protection from cold (left hand)
 u - a +4 ring of evasion
 w - an amulet of reflection
 E - a ring of resist corrosion (right hand)
 N - an amulet of the acrobat (around neck)
 T - a ring of willpower
Wands
 b - a wand of roots (7)
 A - a wand of mindburst (10)
 G - a wand of flame (13)
Scrolls
 d - 3 scrolls of fog
 i - 2 scrolls of amnesia
 j - 2 scrolls of torment
 m - 2 scrolls of enchant weapon {unknown}
 n - 2 scrolls of immolation {unknown}
 x - a scroll of vulnerability {unknown}
 y - a scroll of enchant armour {unknown}
 z - 4 scrolls of poison {unknown}
 F - 2 scrolls of magic mapping {unknown}
Potions
 e - 3 potions of lignification {unknown}
 h - 7 potions of brilliance
 r - 5 potions of curing {unknown}
 s - 2 potions of cancellation
 t - a potion of heal wounds {unknown}
 C - 3 potions of degeneration
 H - a potion of flight {unknown}
 K - a potion of invisibility
 L - a potion of attraction
 R - a potion of haste {unknown}
 S - a potion of mutation {unknown}


   Skills:
 - Level 8.5(13.5) Fighting
 + Level 10.1(15.1) Axes
 - Level 7.2(12.2) Throwing
 - Level 8.3(13.3) Armour
 - Level 6.3(11.3) Dodging
 - Level 0.8(5.8) Stealth
 + Level 15.0(20.0) Shields
 + Level 3.1 Invocations


You had 11 spell levels left.
You didn't know any spells.
Your spell library contained the following spells:

 Spells                   Type           Power      Damage    Failure   Level
 Slow                     Hex            0%         N/A       100%        1
 Blink                    Tloc           0%         N/A       100%        2
 Confusing Touch          Hex            0%         N/A       100%        3
 Lesser Beckoning         Tloc           0%         N/A       100%        3
 Portal Projectile        Hex/Tloc       0%         N/A       100%        3
 Vampiric Draining        Necr           0%         2d6       100%        3
 Leda's Liquefaction      Hex/Erth       0%         N/A       100%        4
 Manifold Assault         Tloc           0%         N/A       100%        5
 Summon Small Mammal      Summ           Unusable   N/A       N/A         1
 Call Canine Familiar     Summ           Unusable   N/A       N/A         3
 Summon Guardian Golem    Hex/Summ       Unusable   N/A       N/A         3

Dungeon Overview and Level Annotations

Branches:
Dungeon (11/15)            Temple (1/1) D:6            Lair (2/5) D:8
  Swamp: Lair:2-3    Shoals: Lair:2-3     Snake: Lair:2-3    Spider: Lair:2-3
    Orc: D:9-12

Altars:
Ashenzari
Cheibriados
Dithmenos
Elyvilon
Fedhas
Gozag
Hepliaklqana
Kikubaaqudgha
Makhleb
Nemelex Xobeh
Okawaru
Qazlal
Ru
Sif Muna
Trog
Uskayaw
Vehumet
Wu Jian
Xom
Yredelemnul
Zin
The Shining One

Annotations:
D:5 1 runed translucent door, Crazy Yiuf
Lair:1 Fannar, Gastronok


Innate Abilities, Weirdness & Mutations

You have a pair of horns on your head.
You reflexively headbutt those who attack you in melee.


Message History

You hit the green ugly thing. You headbutt the green ugly thing!
The green ugly thing is severely wounded.
* * * LOW HITPOINT WARNING * * *
You feel sick.
You block the green ugly thing's attack.
You hit the green ugly thing.
The green ugly thing is severely wounded.
* * * LOW HITPOINT WARNING * * *
You feel sick.
You hit the green ugly thing but do no damage.
You headbutt the green ugly thing, but do no damage.
The green ugly thing is severely wounded.
* * * LOW HITPOINT WARNING * * *
You feel sick. The green ugly thing barely misses you. You furiously retaliate!
You headbutt the green ugly thing, but do no damage.
You hit the green ugly thing.
Your headbutt misses the green ugly thing.
The green ugly thing is severely wounded.
* * * LOW HITPOINT WARNING * * *
You feel sick.
Blink to where?
Press: ? - help, Dir - move target
As you read the scroll of blinking, it crumbles to dust.
* * * LOW HITPOINT WARNING * * *
You feel very sick.
It was a potion of degeneration.
There was something very wrong with that liquid.
You feel weakened.
You feel dopey.
You feel clumsy.
* * * LOW HITPOINT WARNING * * *
You feel very sick.
It was a potion of cancellation.
You feel magically purged.
* * * LOW HITPOINT WARNING * * *
You feel sick.
It was a potion of invisibility.
You fade into invisibility!
* * * LOW HITPOINT WARNING * * *
You feel sick.
It was a potion of attraction.
You feel attractive to monsters.
You die...

..###......##....##!...##...#
### ####+..##....##....##)..#
# #..........##..##.)).# #
##.........##..##....#
#####.........####...#.#
#.............# ##...#.#
#........###### #..)...#
###........########....###
#............@.........#
#..#...................##
#..........#######..#
#..................##
#......u...#########
#...>......# #####.######
#.### #...#


You could see a green ugly thing (unable to see you).

Vanquished Creatures
  4 two-headed ogres
  Nergalle (Lair:1)
  2 elephants
  A torpor snail (Lair:1)
  Maggie (D:7)
  Psyche (D:7)
  A yaktaur (D:11)
  A komodo dragon (Lair:2)
  A troll (D:10)
  2 polar bears (Lair:1)
  Grinder (D:6)
  4 blink frogs
  2 hornets
  Sigmund (D:5)
  A steam dragon (D:7)
  20 yaks
  4 vampire mosquitoes (D:11)
  2 acid dragons
  4 water moccasins
  Duvessa (D:7)
  5 orc warriors
  2 sky beasts
  3 ice beasts
  3 black bears
  3 wolves (Lair:1)
  3 centaurs
  3 phantoms
  Blork the orc (D:5)
  A kobold brigand (D:8)
  10 bullfrogs
  3 gnoll sergeants
  3 necrophages (D:6)
  2 scorpions (D:5)
  16 wights
  Dowan (D:7)
  3 howler monkeys
  2 gnoll boudas
  6 hounds
  2 jellies
  4 orc priests
  3 iguanas
  5 orc wizards
  A mummy (D:3)
  2 river rats (D:5)
  10 adders
  20 gnolls
  4 white imps
  An ufetubus (D:6)
  3 worms
  13 dart slugs
  31 orcs
  4 endoplasms
  3 giant cockroaches
  11 goblins
  8 hobgoblins
  7 jackals
  8 quokkas
  7 ball pythons
  5 bats
  A frilled lizard (D:2)
  11 kobolds
  10 rats
299 creatures vanquished.

Vanquished Creatures (others)
  13 fungi
  15 plants (Lair:2)
28 creatures vanquished.

Grand Total: 327 creatures vanquished

Notes
Turn   | Place    | Note
-------+----------+-------------------------------------------
     0 | D:1      | roguespy the Minotaur Fighter began the quest for the Orb.
     0 | D:1      | Reached XP level 1. HP: 19/19 MP: 0/0
   319 | D:1      | Reached skill level 4 in Shields
   319 | D:1      | Reached XP level 2. HP: 26/27 MP: 1/1
  1062 | D:2      | Reached XP level 3. HP: 33/33 MP: 2/2
  1081 | D:2      | Found a faded altar of an unknown god.
  1586 | D:2      | Reached XP level 4. HP: 37/40 MP: 3/3
  2509 | D:3      | Found a snail-covered altar of Cheibriados.
  2537 | D:3      | Reached XP level 5. HP: 47/47 MP: 4/4
  2677 | D:3      | Reached skill level 1 in Dodging
  2951 | D:4      | Reached skill level 1 in Throwing
  3255 | D:4      | You fall into a shaft and drop 2 floors!
  3276 | D:6      | Reached XP level 6. HP: 45/55 MP: 5/5
  3401 | D:5      | Entered Level 5 of the Dungeon
  3484 | D:5      | Noticed an ice beast
  3489 | D:5      | Killed an ice beast
  3490 | D:5      | Reached skill level 5 in Fighting
  3490 | D:5      | Reached skill level 5 in Armour
  3490 | D:5      | Reached skill level 5 in Shields
  3794 | D:6      | Noticed Grinder
  3807 | D:5      | Noticed a water moccasin
  3812 | D:5      | Killed a water moccasin
  3813 | D:5      | Reached XP level 7. HP: 59/61 MP: 6/6
  4323 | D:5      | Reached skill level 5 in Axes
  4596 | D:5      | Noticed Sigmund
  4628 | D:5      | Reached skill level 6 in Shields
  4628 | D:5      | Reached XP level 8. HP: 40/70 MP: 7/7
  5346 | D:5      | Found a runed translucent door.
  5347 | D:5      | Noticed Crazy Yiuf
  5402 | D:5      | Killed Sigmund
  5410 | D:5      | Noticed Blork the orc
  5911 | D:6      | Found a staircase to the Ecumenical Temple.
  5920 | Temple   | Entered the Ecumenical Temple
  5947 | Temple   | Became a worshipper of Warmaster Okawaru
  6077 | D:6      | Paralysed by Grinder for 4 turns
  6084 | D:6      | Killed Grinder
  6561 | D:5      | Killed Blork the orc
  7030 | D:7      | Reached XP level 9. HP: 62/79 MP: 8/8
  7177 | D:7      | Noticed Maggie
  7194 | D:7      | Killed Maggie
  7194 | D:7      | Reached * piety under Okawaru
  7195 | D:7      | Reached skill level 5 in Dodging
  7195 | D:7      | Reached skill level 7 in Shields
  7758 | D:7      | Noticed Duvessa
  7758 | D:7      | Noticed Dowan
  8220 | D:7      | Killed Duvessa
  8227 | D:7      | Killed Dowan
  8294 | D:7      | Reached ** piety under Okawaru
  8427 | D:7      | Reached skill level 5 in Throwing
  8440 | D:8      | Noticed Psyche
  8452 | D:7      | Killed Psyche
  8638 | D:7      | Reached skill level 8 in Shields
  8638 | D:7      | Reached XP level 10. HP: 79/88 MP: 9/9
  8720 | D:8      | Found a flagged portal.
  9016 | D:8      | Reached *** piety under Okawaru
  9299 | D:8      | Found a staircase to the Lair.
  9311 | D:8      | Reached skill level 9 in Shields
  9613 | D:8      | Reached skill level 10 in Shields
 10219 | D:9      | Received a gift from Okawaru
 10326 | D:9      | Noticed a two-headed ogre
 10343 | D:9      | Killed a two-headed ogre
 10343 | D:9      | Reached **** piety under Okawaru
 10424 | D:9      | Received a gift from Okawaru
 10868 | D:9      | Noticed a two-headed ogre
 11194 | D:9      | Paralysed by a hornet for 1 turns
 11200 | D:9      | Reached XP level 11. HP: 29/95 MP: 10/10
 11740 | D:9      | Found a glowing golden altar of the Shining One.
 11741 | D:9      | Found an ornate altar of the Wu Jian Council.
 11742 | D:9      | Found a white marble altar of Elyvilon.
 11965 | D:10     | Entered Level 10 of the Dungeon
 11978 | D:10     | Noticed a two-headed ogre
 12076 | Lair:1   | Entered Level 1 of the Lair of Beasts
 12097 | Lair:1   | Noticed Nergalle
 12317 | D:9      | Killed a two-headed ogre
 12317 | D:9      | Received a gift from Okawaru
 12614 | D:10     | Reached skill level 11 in Shields
 13085 | D:10     | Killed a two-headed ogre
 13085 | D:10     | Reached ***** piety under Okawaru
 13086 | D:10     | Reached skill level 12 in Shields
 14077 | D:10     | Found a burning altar of Makhleb.
 14447 | Lair:1   | Killed Nergalle
 14569 | Lair:1   | Reached skill level 13 in Shields
 15330 | Lair:1   | Noticed Gastronok
 15407 | Lair:1   | Received a gift from Okawaru
 15501 | Lair:1   | Reached skill level 14 in Shields
 15772 | Lair:1   | Noticed Fannar
 15790 | Lair:2   | Noticed a four-headed hydra
 15810 | Lair:2   | Identified the +2 buckler of Fyfukie {rPois rF- Str+3
                  | Dex+2} (Okawaru gifted it to you on level 2 of the Lair of
                  | Beasts)
 15810 | Lair:2   | Received a gift from Okawaru
 16143 | Lair:2   | Reached skill level 1 in Invocations
 17347 | D:10     | Found a bloodstained altar of Trog.
 17510 | D:11     | Reached XP level 12. HP: 103/103 MP: 12/12
 17755 | D:11     | Reached skill level 10 in Axes
 17853 | D:11     | Noticed a two-headed ogre
 17895 | D:11     | Killed a two-headed ogre
 17896 | D:11     | Reached skill level 15 in Shields
 18262 | D:11     | HP: 4/103 [poisoned by a green ugly thing]
 18264 | D:11     | HP: 1/103 [poisoned by a green ugly thing]
 18265 | D:11     | Succumbed to a green ugly thing's poison

Illustrated notes

Levels and vault maps discovered:
D:1:      dpeg_arrival_connections, layout_basic
D:2:      layout_basic, ebering_ecumenical_altar_mist, st_stairs_7
D:3:      layout_loops_cross, slow_altar_1, serial_glass, glass_columns_b,
          glass_columns_a, minmay_strange_pillars, guppyfry_early_orc_mine
D:4:      nicolae_cairo_tiling_very_big, layout_rooms
D:5:      kennysheep_slugbush, layout_basic, portal_sewer_entry_e,
          uniq_crazy_yiuf_cottage, uniq_sigmund, uniq_blork_the_orc
D:6:      layout_basic, temple_statues, minivault_5, uniq_grinder
D:7:      layout_loops_ring, uniq_maggie, uniq_duvessa
D:8:      layout_rooms, lair_entry_dummy, enter_bailey_2,
          minmay_fractal_squares_gapless_5, uniq_psyche
D:9:      layout_roguey, gammafunk_temple_overflow_claw
D:10:     layout_layer_cave, mainiacjoe_overflow_alcove_2,
          lightli_temple_of_fire
D:11:     layout_roguey, nicolae_two_hexagons
Temple:   nicolae_temple_bog_church
Lair:1:   layout_cave_pods, ebering_ghost_inner_flame, serial_bayou_shore_b,
          grunt_megastairs_3, uniq_gastronok, uniq_fannar, uniq_nergalle
Lair:2:   layout_roguey, grunt_megastairs_4

Skill      XL: |  1  2  3  4  5  6  7  8  9 10 11 12 |
---------------+-------------------------------------+-----
Shields        | 4 5 6 8 10 14 15 | 15.0
Armour         | 4 5 6 8 |  8.3
Fighting       | 4 5 6 7 8 |  8.5
Axes           | 3 4 5 6 7 9 10 | 10.1
Dodging        | 1 2 3 4 6 |  6.3
Throwing       | 1 2 3 4 5 6 7 |  7.2
Invocations    | 2 3 |  3.1
Stealth        | |  0.8

Action                   |  1- 3 |  4- 6 |  7- 9 | 10-12 || total
-------------------------+-------+-------+-------+-------++-------
Melee: War axe           |   107 |   120 |   262 |   463 ||   952
       Headbutt          |    19 |    14 |    54 |   131 ||   218
       Battleaxe         |       |       |       |    79 ||    79
Throw: Javelin           |       |       |     2 |     3 ||     5
       Dart              |       |       |       |    27 ||    27
       Throwing net      |       |       |       |     1 ||     1
Invok: Heroism           |       |       |       |     1 ||     1
       Finesse           |       |       |       |     1 ||     1
  Use: Scroll            |       |     3 |     8 |     9 ||    20
       Potion            |       |     1 |     1 |     4 ||     6
Armor: Scale mail        |    60 |    29 |       |       ||    89
       Chain mail        |       |    13 |    58 |       ||    71
       Plate armour      |       |       |    35 |   260 ||   295
       Skin              |       |       |     5 |       ||     5
Dodge: Dodged            |    49 |    20 |    37 |   217 ||   323
Block: Buckler           |    27 |       |       |       ||    27
       Tower shield      |     4 |    91 |   291 |   147 ||   533
       Reflection        |       |       |     5 |     6 ||    11
       Kite shield       |       |       |       |   236 ||   236
       Other             |       |       |       |     9 ||     9
